 Dungeon Crawl Stone Soup version 0.30-a0-913-g9934a0c (webtiles) character file.

Game seed: 17539056970742438492

31660 Illumine the Carver (level 13, -6/70 HPs)
             Began as a Vine Stalker Fighter on Mar 19, 2023.
             Was an Initiate of Gozag.
             Mangled by a molten gargoyle
             ... wielding a +0 morningstar
              (9 damage)
             ... on level 5 of the Lair of Beasts.
             The game lasted 00:23:48 (12532 turns).

Illumine the Carver (Vine Stalker Fighter)         Turns: 12532, Time: 00:23:53

Health: -6/70      AC: 17    Str: 21    XL:     13   Next: 59%
Magic:  0/26       EV: 15    Int: 10    God:    Gozag
Gold:   1888       SH: 13    Dex: 24    Spells: 28/28 levels left

rFire   . . .      SeeInvis .    v - +5 falchion (vamp)
rCold   . . .      Faith    .    I - +0 kite shield
rNeg    + . .      Spirit   +    q - +5 ring mail of the Lion {rElec Int+2 Dex+7 Stlth-}
rPois   .          Reflect  .    t - +0 helmet
rElec   +          Rampage  .    M - +2 cloak
rCorr   .                        (no gloves)
Will    +....                    H - +0 pair of boots Stlth
                                 (no amulet)
HPRegen 1.11/turn                b - ring of positive energy
MPRegen 0.20/turn                (no ring)

@: no status effects
A: fangs 3, regeneration 1, magic shield, antimagic bite, no potion heal 2
a: Renounce Religion, Potion Petition, Call Merchant, Bribe Branch


You were on level 5 of the Lair of Beasts.
You worshipped Gozag.
Gozag was most pleased with you.
You visited 3 branches of the dungeon, and saw 15 of its levels.
You also visited: Ossuary.

You collected 2820 gold pieces.
You spent 227 gold pieces at shops.
You paid 705 gold pieces to Gozag.

Inventory:

Hand Weapons
 l - a +2 dagger of draining
 s - a +2 scimitar of holy wrath
 v - a +5 vampiric falchion (weapon)
Missiles
 d - 3 throwing nets
 n - 26 poisoned darts (quivered)
 C - 8 javelins
Armour
 q - the +5 ring mail of the Lion (worn) {rElec Int+2 Dex+7 Stlth-}
   (You found it on level 3 of the Dungeon)

   Int:       It affects your intelligence (+2).
   Dex:       It affects your dexterity (+7).
   rElec:     It insulates you from electricity.
   Stlth:     It makes you less stealthy.
 t - a +0 helmet (worn)
 H - a +0 pair of boots (worn)
 I - a +0 kite shield (worn)
 M - a +2 cloak (worn)
Jewellery
 b - a ring of positive energy (left hand)
 c - a ring of resist corrosion
 K - an amulet of regeneration
Wands
 a - a wand of polymorph (14)
 x - a wand of iceblast (11)
 F - a wand of flame (11)
 O - a wand of light (6)
Scrolls
 g - 2 scrolls of vulnerability
 j - 5 scrolls of teleportation
 k - 3 scrolls of fog
 o - 4 scrolls of fear
 w - 4 scrolls of poison
 y - a scroll of blinking
 B - 3 scrolls of torment
 D - a scroll of silence
 G - a scroll of brand weapon
 L - a scroll of magic mapping
 N - a scroll of immolation
 P - a scroll of enchant armour
 Q - a scroll of enchant weapon
Potions
 e - 2 potions of brilliance
 f - 3 potions of flight
 h - 3 potions of haste
 i - 5 potions of curing
 m - a potion of invisibility {unknown}
 p - 2 potions of berserk rage
 r - a potion of magic {unknown}
 u - a potion of cancellation
 z - 2 potions of mutation
 A - 4 potions of lignification
 E - 2 potions of resistance {unknown}
 J - 2 potions of attraction {unknown}


   Skills:
 + Level 8.9 Fighting
 - Level 5.8(9.0) Short Blades
 * Level 10.6(11.2) Long Blades
 - Level 7.1 Armour
 - Level 6.7 Dodging
 * Level 9.2 Shields
 - Level 8.0 Spellcasting


You had 28 spell levels left.
You didn't know any spells.
Your spell library contained the following spells:

 Spells                   Type           Power      Damage    Failure   Level
 Summon Small Mammal      Summ           16%        N/A       52%         1
 Lesser Beckoning         Tloc           8%         N/A       65%         2
 Call Canine Familiar     Summ           4%         N/A       87%         3
 Gell's Gravitas          Tloc           4%         N/A       87%         3
 Summon Guardian Golem    Hex/Summ       4%         N/A       87%         3
 Teleport Other           Tloc           4%         N/A       87%         3
 Petrify                  Tmut/Erth      4%         N/A       99%         4
 Metabolic Englaciation   Hex/Ice        2%         N/A       100%        5
 Statue Form              Tmut/Erth      2%         N/A       100%        6


Dungeon Overview and Level Annotations

Branches:
Dungeon (9/15)             Temple (1/1) D:7            Lair (5/5) D:8
 Shoals (0/4) Lair:2       Spider (0/4) Lair:2        Slime (0/5) Lair:4
Ossuary (visited)
    Orc: D:9-12

Altars:
Ashenzari
Cheibriados
Dithmenos
Elyvilon
Fedhas
Gozag
Hepliaklqana
Kikubaaqudgha
Makhleb
Nemelex Xobeh
Okawaru
Qazlal
Sif Muna
Uskayaw
Vehumet
Xom
Yredelemnul
The Shining One
Jiyva

Shops:
D:4 (   Lair:2 (

Annotations:
D:3 2 runed translucent doors, Crazy Yiuf; Dega's ghost, amateur SpHu
Lair:5 1 runed translucent door


Innate Abilities, Weirdness & Mutations

You have razor-sharp teeth.
Your natural rate of healing is unusually fast.
When hurt, damage is shared between your health and your magic reserves.
Your bite disrupts and absorbs the magic of your enemies.
Potions cannot restore your health.


Message History

The molten gargoyle hits you with a +0 morningstar.
You are engulfed in flames!
The molten gargoyle hits you with a +0 morningstar!!
You are engulfed in flames!
The molten gargoyle hits you with a +0 morningstar!
You are engulfed in flames!
The basilisk bites you.
The molten gargoyle hits you with a +0 morningstar!
You are engulfed in flames!
The basilisk bites you but does no damage.
You turn to flesh and can move again.
Unknown command.
You hit the molten gargoyle but do no damage.
You block the molten gargoyle's attack. You block the basilisk's attack.
You slash the molten gargoyle! You bite the molten gargoyle.
You drain its power.
You feel invigorated.
The molten gargoyle is heavily damaged.
The molten gargoyle hits you with a +0 morningstar!
* * * LOW HITPOINT WARNING * * *
You are engulfed in flames!
* * * LOW HITPOINT WARNING * * *
You block the basilisk's attack.
You completely miss the basilisk. You bite the basilisk.
The basilisk's magic leaks into the air.
You drain its magic.
You feel invigorated.
The basilisk is lightly wounded.
The basilisk's magic is no longer disrupted.
The molten gargoyle blasts magma at you!
The bolt of magma hits you!
* * * LOW HITPOINT WARNING * * *
The basilisk gazes at you. You resist with almost no effort.
Okay, then.
As you read the scroll of fear, it crumbles to dust.
You assume a fearsome visage.
The basilisk looks frightened!
The molten gargoyle is unaffected.
The molten gargoyle hits you with a +0 morningstar!
* * * LOW HITPOINT WARNING * * *
You are engulfed in flames!
You die...
Your body crumbles into a pile of gold.

....§≈≈≈..#.#≈≈≈#
.§.≈≈≈≈≈§##..≈≈.####
#§§≈≈≈≈§§≈≈..##.8#8#
§≈.######≈≈≈.§....##
§.##$$$$##≈##.....8#
≈.# .$$#≈#......##
§§# ..#≈#.......##
#≈ .#§§§.......#####
≈ ..#≈≈≈≈##@.......#
..##§§§#.9l......##
+##≈≈≈.........###
.≈≈≈§#......####
.≈≈≈≈......##
.###§.#..8#.#
#..##.##### #.≈ ###
...


You could see a basilisk (fleeing) and a molten gargoyle.

Vanquished Creatures
  Harold (Lair:2)
  A hydra (Lair:4)
  A catoblepas (Lair:2)
  A two-headed ogre (D:9)
  2 skysharks
  An orb spider (Lair:2)
  A lindwurm (Lair:5)
  A manticore (Lair:2)
  Maurice (D:8)
  3 black mambas (Lair:5)
  6 elephants
  10 cane toads
  8 komodo dragons
  A molten gargoyle (Lair:5)
  3 rime drakes
  2 trolls (D:9)
  A wind drake (Lair:2)
  A troll (shapeshifter) (Lair:2)
  4 polar bears
  5 blink frogs (Lair:2)
  A shadow (D:6)
  42 yaks
  4 fire bats (D:9)
  7 wyverns
  Eustachio (D:4)
  3 basilisks
  6 steam dragons
  4 hell hounds
  8 water moccasins
  5 black bears
  3 ice beasts
  2 sky beasts (D:7)
  2 orc warriors
  An ogre (D:7)
  8 wolves
  A centaur (D:6)
  2 phantoms
  An elf zombie (Ossuary)
  A kobold brigand (D:8)
  16 bullfrogs
  A gnoll sergeant (D:5)
  6 wights (D:6)
  4 killer bees (D:9)
  A howler monkey (D:6)
  4 lava snakes
  3 hounds
  2 gnoll boudas
  4 orc priests
  4 jellies
  3 iguanas
  An iron imp (D:9)
  2 sleepcaps
  10 orc wizards
  2 hound zombies (Ossuary)
  4 mummies (Ossuary)
  12 gnolls
  11 adders
  2 shadow imps
  3 white imps (D:7)
  2 ufetubi
  An adder zombie (Ossuary)
  3 worms
  2 dart slugs
  28 orcs
  7 ball pythons
  6 endoplasms
  3 giant cockroaches (D:1)
  9 goblins
  8 hobgoblins
  10 jackals
  4 quokkas
  5 bats
  5 frilled lizards
  2 gnoll zombies (Ossuary)
  A goblin zombie (Ossuary)
  2 jackal zombies (Ossuary)
  13 kobolds
  An orc zombie (Ossuary)
  8 rats
  2 rat zombies (Ossuary)
  A butterfly (Lair:3)
374 creatures vanquished.

Vanquished Creatures (others)
  3 fire vortices (D:9)
  19 fungi
  8 plants
30 creatures vanquished.

Grand Total: 404 creatures vanquished

Notes
Turn   | Place    | Note
-------+----------+-------------------------------------------
     0 | D:1      | Illumine the Vine Stalker Fighter began the quest for the
                  | Orb.
     0 | D:1      | Reached XP level 1. HP: 11/11 MP: 2/2
    59 | D:1      | Reached skill level 2 in Long Blades
   154 | D:1      | Reached XP level 2. HP: 16/16 MP: 3/3
   783 | D:2      | Reached XP level 3. HP: 19/19 MP: 4/4
   954 | D:2      | Reached skill level 1 in Spellcasting
  1147 | D:2      | Gained mutation: Your natural rate of healing is unusually
                  | fast. [Vine Stalker growth]
  1147 | D:2      | Reached XP level 4. HP: 15/24 MP: 4/6
  1333 | D:2      | Found a basalt altar of Yredelemnul.
  1461 | D:3      | Identified the +5 ring mail of the Lion {rElec Int+2 Dex+7
                  | Stlth-}
  1470 | D:3      | Noticed a phantom
  1473 | D:3      | Reached skill level 1 in Short Blades
  1502 | D:3      | Killed a phantom
  1503 | D:3      | Reached XP level 5. HP: 28/28 MP: 6/8
  1671 | D:3      | Reached XP level 6. HP: 32/32 MP: 7/10
  1845 | D:3      | Found a runed translucent door.
  1848 | D:3      | Noticed Dega's ghost (amateur SpHu)
  2153 | D:3      | Found a runed translucent door.
  2154 | D:3      | Noticed Crazy Yiuf
  2354 | D:4      | Noticed Eustachio
  2365 | D:4      | Killed Eustachio
  2436 | D:4      | Reached XP level 7. HP: 37/37 MP: 11/11
  2538 | D:4      | Found Loomeuhuso's Antique Weapon Shoppe.
  2642 | D:4      | Found a faded altar of an unknown god.
  3079 | D:5      | Entered Level 5 of the Dungeon
  3212 | D:5      | Gained mutation: You have razor-sharp teeth. [Vine Stalker
                  | growth]
  3212 | D:5      | Reached XP level 8. HP: 38/42 MP: 11/13
  3320 | D:5      | Reached skill level 1 in Dodging
  3614 | D:5      | Found a sand-covered staircase.
  3623 | Ossuary  | Entered an ossuary
  4114 | D:6      | Reached skill level 5 in Short Blades
  4232 | D:6      | Reached XP level 9. HP: 46/46 MP: 16/16
  4295 | D:6      | Reached skill level 5 in Fighting
  4733 | D:6      | Reached skill level 3 in Long Blades
  5153 | D:6      | Reached skill level 5 in Armour
  5203 | D:6      | Reached skill level 5 in Spellcasting
  5270 | D:7      | Reached skill level 4 in Long Blades
  5902 | D:7      | Found a staircase to the Ecumenical Temple.
  5911 | Temple   | Entered the Ecumenical Temple
  5980 | Temple   | Became a worshipper of Gozag Ym Sagoz the Greedy
  6097 | D:8      | Noticed Maurice
  6196 | D:8      | Noticed an elephant
  6200 | D:8      | Reached XP level 10. HP: 52/53 MP: 18/18
  6222 | D:8      | Killed an elephant
  6249 | D:8      | Reached skill level 5 in Long Blades
  6637 | D:8      | Killed Maurice
  6803 | D:8      | Found a shimmering blue altar of Sif Muna.
  6853 | D:8      | Found a staircase to the Lair.
  7159 | D:9      | Reached skill level 5 in Shields
  7225 | D:9      | Reached skill level 6 in Long Blades
  7409 | D:9      | Reached XP level 11. HP: 58/58 MP: 21/21
  7544 | D:9      | Found a snail-covered altar of Cheibriados.
  7673 | D:9      | Noticed a two-headed ogre
  7681 | D:9      | Killed a two-headed ogre
  8637 | Lair:1   | Entered Level 1 of the Lair of Beasts
  8768 | Lair:1   | Reached skill level 7 in Long Blades
  8848 | Lair:1   | Reached skill level 5 in Dodging
  9269 | Lair:1   | Identified the +5 whip of Governance {heavy, rF+ rC+++
                  | Int-4 Dex+3}
  9430 | Lair:1   | Reached XP level 12. HP: 36/63 MP: 21/23
  9438 | Lair:1   | Reached skill level 8 in Long Blades
  9585 | Lair:2   | Noticed Harold
  9602 | Lair:2   | Killed Harold
 10144 | Lair:2   | Found a staircase to the Shoals.
 10403 | Lair:2   | Bought an iridescent sling for 227 gold pieces
 10403 | Lair:2   | Identified the +1 sling "Jellyslayer" {antimagic, Fragile
                  | rF+ Int+3 SInv} (You bought it in a shop on level 2 of the
                  | Lair of Beasts)
 10564 | Lair:2   | Reached skill level 9 in Long Blades
 10605 | Lair:2   | Noticed Sonja
 10606 | Lair:2   | Sonja changed into Sonja the shapeshifter
 10606 | Lair:2   | Noticed Sonja
 10607 | Lair:2   | Sonja the shapeshifter changed into Sonja the troll
 10607 | Lair:2   | Noticed Sonja (shapeshifter)
 10612 | Lair:2   | Killed Sonja the troll
 10799 | Lair:2   | Found a hole to the Spider Nest.
 10949 | Lair:2   | Noticed a catoblepas
 10972 | Lair:2   | Killed a catoblepas
 11155 | Lair:3   | Reached XP level 13. HP: 59/68 MP: 22/26
 11726 | Lair:4   | Reached skill level 10 in Long Blades
 11793 | Lair:4   | Found a viscous altar of Jiyva.
 11793 | Lair:4   | Found a staircase to the Slime Pits.
 12303 | Lair:5   | Entered Level 5 of the Lair of Beasts
 12514 | Lair:5   | Found a large runed translucent door.
 12532 | Lair:5   | HP: 3/70 [molten gargoyle/+0 morningstar (5)]
 12532 | Lair:5   | Mangled by a molten gargoyle

Illustrated notes

Levels and vault maps discovered:
D:1:      dpeg_arrival_rooms_b, layout_loops_ring
D:2:      layout_loops_ring, basic_altar, minivault_26
D:3:      layout_loops_ring, ebering_ghost_sewer_d, amethyst_killhole,
          serial_park_tiny_1, minmay_misc_feat_pillars, uniq_crazy_yiuf_cottage
D:4:      layout_cave_pods, serial_column_ruins, column_ruins_temple_hall,
          column_ruins_hut_pillars, column_ruins_open_medium,
          column_ruins_grid_2, column_ruins_open_large, serial_shops,
          shop_statue, st_stairs_5, uniq_eustachio
D:5:      layout_basic, nicolae_ossuary_entry_ruins, kennysheep_generic_room_3
D:6:      kennysheep_steamy, layout_basic
D:7:      layout_basic, minmay_temple_entry_drinking_statues, kennysheep_boxes
D:8:      layout_gridville, tgw_sif, david_lair_generic, minmay_hedge_maze,
          grunt_ministairs_14, eino_tiny_chamber, minmay_misc_feat_cross,
          uniq_maurice
D:9:      layout_layer_cave, slow_altar_1, hangedman_incinerator
Temple:   nicolae_temple_x_marks_the_god
Lair:1:   layout_hall_layers
Lair:2:   layout_cave_pods, minmay_shoals_entry_beasts,
          nicolae_spider_entry_orb_guardian, infiniplex_staircase_pool_2,
          uniq_sonja, uniq_harold
Lair:3:   layout_concentric_octagons, lemuel_fruit_fields
Lair:4:   layout_misc_corridors, slime_entry_1
Lair:5:   cheibrodos_lair_end_hotspot, layout_big_grid,
          chequers_serial_rivers_marsh

Skill      XL: |  1  2  3  4  5  6  7  8  9 10 11 12 13 |
---------------+----------------------------------------+-----
Long Blades    | 2 4 6 7 9 10 | 10.6
Shields        | 3 4 5 6 7 9 |  9.2
Fighting       | 3 4 5 6 7 8 |  8.9
Spellcasting   | 1 2 3 4 5 6 7 8 |  8.0
Short Blades   | 1 2 3 4 5 |  5.8
Armour         | 3 4 5 6 7 |  7.1
Dodging        | 2 3 4 5 6 |  6.7

Action                     |  1- 3 |  4- 6 |  7- 9 | 10-12 | 13-15 || total
---------------------------+-------+-------+-------+-------+-------++-------
  Melee: Long sword        |    78 |       |       |       |       ||    78
         Bite              |    22 |    33 |   156 |   312 |   128 ||   651
         Dagger            |    24 |   134 |   332 |       |    10 ||   500
         Falchion          |       |       |   135 |   761 |   249 ||  1145
  Throw: Throwing net      |       |       |       |     1 |       ||     1
         Dart              |       |       |       |     3 |       ||     3
 Invoke: Call Merchant     |       |       |       |     1 |       ||     1
  Evoke: Wand              |       |       |       |     3 |       ||     3
    Use: Scroll            |       |       |    12 |     8 |     5 ||    25
         Potion            |       |       |     1 |     2 |     1 ||     4
   Stab: Distracted        |       |       |       |     3 |     3 ||     6
 Armour: Scale mail        |    40 |     7 |       |       |       ||    47
         Ring mail         |       |    38 |   227 |   395 |    84 ||   744
  Dodge: Dodged            |    43 |    42 |   258 |   456 |   125 ||   924
  Block: Buckler           |    20 |    29 |   148 |       |       ||   197
         Kite shield       |       |       |    25 |   583 |   134 ||   742

Table legend: (Time is in decaauts)
 A = Elapsed time spent in this place.
 B = Non-inter-level travel time spent in this place.
 C = Inter-level travel time spent in this place.
 D = Time resting spent in this place.
 E = Time spent auto-exploring this place.
 F = Levels seen in this place.
 G = Mean time per level.
                   A        B        C        D        E       F      G
               +--------+--------+--------+--------+--------+-----+--------+
         Total |  12515 |  12004 |    511 |    473 |   8095 |  16 |  782.2 |
       Dungeon |   8357 |   8012 |    345 |    368 |   5598 |   9 |  928.6 |
        Temple |     79 |     56 |     23 |      0 |     46 |   1 |   79.0 |
          Lair |   3876 |   3734 |    142 |    105 |   2360 |   5 |  775.2 |
       Ossuary |    202 |    202 |      0 |      0 |     91 |   1 |  202.0 |
               +--------+--------+--------+--------+--------+-----+--------+

Top non-repeatable levels by time:
     D:9: 1596 daAuts
  Lair:2: 1523 daAuts
     D:6: 1139 daAuts
  Lair:1: 967 daAuts
     D:8: 939 daAuts
     D:3: 842 daAuts
     D:7: 810 daAuts
     D:5: 785 daAuts
     D:4: 762 daAuts
     D:2: 743 daAuts
     D:1: 738 daAuts
  Lair:4: 599 daAuts
  Lair:3: 568 daAuts
  Lair:5: 217 daAuts
 Ossuary: 202 daAuts
